[Event "*** Titled Tuesday Blitz"]
[Site "Chess.com"]
[Date "2018.12.04"]
[Round "5"]
[White "SantoBlue"]
[Black "Parhamov"]
[Result "0-1"]
[WhiteElo "2715"]
[BlackElo "2853"]
[TimeControl "180+2"]
[EndTime "14:06:56 PST"]
[Termination "Parhamov won by resignation"]

1. e4 c5 2. Nf3 Nc6 3. d4 cxd4 4. Nxd4 Nf6 5. Nc3 d6 6. Bg5 e6 7. Qd2 a6 8. O-O-O Bd7 9. f4 b5 10. Bxf6 gxf6 11. Kb1 Qb6 12. Nce2 Na5 13. b3 h5 14.
h4 Nb7 15. Rh3 a5 16. Re3 b4 17. Ng3 a4 18. Bc4 Nc5 19. Qe2 Qa5 20. Nb5 Qb6 21. Nd4 Be7 22. Nxh5 Qa5 23. g4 Kd8 24. f5 Kc7 25.
fxe6 fxe6 26. Nf4 e5 27. Nd5+ Kd8 28. Nf5 axb3 29. cxb3 Bxf5 30. gxf5 Rxh4 31. Qg2 Bf8 32. Nxf6 Kc7 33. Nd5+ Kb8 34. f6 Nxe4 35. Rxe4 Rxe4 36.
Qxe4 Qxa2+ 37. Kc1 Bh6+ 38. Ne3 Qf2 39. Rxd6 Ra1+ 0-1

[Event "*** Titled Tuesday Blitz"]
[Site "Chess.com"]
[Date "2018.12.04"]
[Round "5"]
[White "chesstatour"]
[Black "WPWPWP-2015"]
[Result "0-1"]
[WhiteElo "2090"]
[BlackElo "2280"]
[TimeControl "180+2"]
[EndTime "14:06:58 PST"]
[Termination "WPWPWP-2015 won by resignation"]

1. c4 e5 2. Nc3 Nf6 3. g3 d5 4. cxd5 Nxd5 5. Bg2 Nb6 6. Nf3 Nc6 7. O-O Be7 8. d3 O-O 9. Be3 Be6 10. Na4 Nd5 11.
Bc5 Bd6 12. Rc1 Qe7 13. Qd2 h6 14. a3 Rad8 15. Bxd6 cxd6 16. b4 Nc7 17. Ne1 d5 18. Nc5 Bc8 19. Nc2 f5 20. f4 e4 21. d4 Nb5 22. e3 Nd6 23. Qc3 Be6 24. a4 Bf7 25.
b5 Nb8 26. Nb4 Rc8 27. Qd2 Nc4 28.
Qe2 b6 29. Nca6 Nxa6 30. Nxa6 Qa3 31. Ra1 Qxe3+ 32. Qxe3 Nxe3 33. Rfc1 Nc2 34. Rd1 Nxa1 35. Rxa1 Rc4 36. Rb1 Rxd4 37. Nb4 Rc4 38. a5 d4 39. axb6 axb6 40. Nc6 d3 41. Rd1 Rc5 42. Nd4 Bc4 43. Bh3 g6 44. g4 fxg4 45. Bxg4 Rxf4 46. Bd7 e3 47. Ne6 Bxe6 48. Bxe6+ Kg7 49. Rxd3 e2 0-1

[Event "*** Titled Tuesday Blitz"]
[Site "Chess.com"]
[Date "2018.12.04"]
[Round "5"]
[White "GukeshDommaraju"]
[Black "alishersuleymenov"]
[Result "1-0"]
[WhiteElo "2698"]
[BlackElo "2478"]
[TimeControl "180+2"]
[EndTime "14:06:59 PST"]
[Termination "GukeshDommaraju won by resignation"]

1. Nf3 c5 2. c4 Nc6 3. Nc3 Nd4 4. e3 Nxf3+ 5. Qxf3 g6 6. d4 Bg7 7. Qd1 Nf6 8. Be2 O-O 9. d5 d6 10. O-O e6 11.
dxe6 Bxe6 12. e4 Qb6 13. Qc2 Rfe8 14. f3 Nd7 15. Be3 Ne5 16. b3 Nc6 17. Rad1 Nd4 18. Qd2 Qa5 19. Rc1 a6 20. Bd3 b5 21. Ne2 Qxd2 22.
Bxd2 bxc4 23. bxc4 Reb8 24. Bc3 Nxe2+ 25. Bxe2 Bxc3 26.
Rxc3 Rb2 27. Kf2 Rab8 28. Rd1 R8b6 29. a3 Ra2 30. Ke3 f5 31. exf5 gxf5 32. Bf1 Kf7 33. Kf4 a5 34. Re3 a4 35. Rde1 d5 36. cxd5 Bxd5 37. Re5 Rd6 38. Rd1 Rxa3 39. Rexd5 Rxd5 40. Rxd5 Rc3 41. Kxf5 a3 42. Rd7+ Ke8 43. Ra7 Rc1 44. Bb5+ 1-0

[Event "*** Titled Tuesday Blitz"]
[Site "Chess.com"]
[Date "2018.12.04"]
[Round "5"]
[White "kasparik_garik"]
[Black "MFguimaraes"]
[Result "1-0"]
[WhiteElo "2508"]
[BlackElo "2349"]
[TimeControl "180+2"]
[EndTime "14:07:00 PST"]
[Termination "kasparik_garik won by resignation"]

1. e4 e5 2. Nf3 Nc6 3. Nc3 Nf6 4.
Bb5 Nd4 5. Bc4 Bc5 6. d3 c6 7.
Nxd4 Bxd4 8. O-O O-O 9. Bg5 h6 10. Bh4 d6 11. Ne2 Bb6 12. Bb3 Be6 13. Kh1 g5 14. Bg3 Nh5 15. d4 Qf6 16. c3 Rad8 17. f3 Nxg3+ 18. Nxg3 exd4 19. f4 dxc3 20. Nh5 Qd4 21.
bxc3 Qxd1 22. Raxd1 Bg4 23. Nf6+ Kh8 24. Nxg4 gxf4 25.
Nxh6 Kg7 26. Nf5+ Kf6 27. Rxf4 Ke5 28. Rdf1 d5 29. exd5 cxd5 30. Nd4 f5 31. Rxf5+ Rxf5 32. Rxf5+ Ke4 33. Bc2+ Ke3 34. Rf3+ Kd2 35. Rd3+ Kc1 36.
Bb3 Re8 37. g3 Re1+ 38. Kg2 Kb2 39. h4 Ba5 40. h5 Bxc3 41. Nf3 Re2+ 42. Kh3 d4 43.
Nxd4 Re5 44. Kg4 b5 45. Nf3 Re4+ 46. Kf5 Re2 47. Rxc3 Kxc3 48. h6 Re7 49. Bg8 Kb2 50. h7 Rxh7 51. Bxh7 Kxa2 52. Nd4 b4 53. g4 b3 54. Bg8 a5 55. Bxb3+ 1-0

[Event "*** Titled Tuesday Blitz"]
[Site "Chess.com"]
[Date "2018.12.04"]
[Round "5"]
[White "mazetofonias"]
[Black "Muguet7"]
[Result "1/2-1/2"]
[WhiteElo "2554"]
[BlackElo "2443"]
[TimeControl "180+2"]
[EndTime "14:07:02 PST"]
[Termination "Game drawn by agreement"]

1. e4 c5 2. Nf3 d6 3. Bb5+ Nd7 4. d4 a6 5. Bxd7+ Bxd7 6. O-O cxd4 7. Qxd4 Nf6 8. c4 e6 9. Nc3 Be7 10. Re1 Bc6 11.
b3 O-O 12. Ba3 b5 13. Rad1 Ne8 14. Nd2 Bf6 15. Qd3 Qa5 16. Bb2 b4 17. Na4 Bxa4 18.
Bxf6 Nxf6 19. bxa4 Qxa4 20. Qxd6 Rfd8 21. Qc5 Nxe4 22.
Qe3 Nc3 23. Rc1 Qxa2 24. Ne4 Nxe4 25. Qxe4 b3 26. c5 a5 27. c6 b2 28. Rc5 Qa3 29. Rc4 Rac8 30. c7 Rd5 31. Qc2 Qa1 32. Re4 Rb5 33. Qd3 Rd5 34. Qb3 g6 35. Qb8 Rd1 36.
Qxc8+ Kg7 37. Qh8+ Kxh8 38. c8=Q+ Kg7 39. Qc3+ Kg8 40.
Qc8+ Kg7 41. Qc3+ Kg8 1/2-1/2

[Event "*** Titled Tuesday Blitz"]
[Site "Chess.com"]
[Date "2018.12.04"]
[Round "5"]
[White "Samuray111"]
[Black "sergeikim"]
[Result "0-1"]
[WhiteElo "2593"]
[BlackElo "2452"]
[TimeControl "180+2"]
[EndTime "14:07:03 PST"]
[Termination "sergeikim won by checkmate"]

1. Nf3 Nf6 2. c4 g6 3. b3 Bg7 4.
Bb2 O-O 5. g3 d6 6. d4 e5 7. dxe5 Nfd7 8. Bg2 dxe5 9. O-O Nc6 10. Qd2 Nc5 11. Qe3 Nd7 12. Nc3 Nb4 13. Rad1 c6 14. a3 Na6 15. b4 Qe7 16. Qd2 e4 17. Ng5 f5 18. h4 Ne5 19. c5 h6 20. Nh3 Nc4 21. Qc2 Nxb2 22. Qxb2 Nc7 23. Qc1 Qf6 24. Na4 Nd5 25. Nf4 Nxf4 26. Qxf4 Be6 27. Rd6 Rfe8 28.
Rfd1 Qe5 29. Qd2 Bb3 30. Re1 Bxa4 31. f4 exf3 32. Bxf3 Qe3+ 33. Qxe3 Rxe3 34. Rxg6 Rd8 35. Rf1 Kh7 36. h5 Bd4 37. Kg2 Bc2 38. Rc1 Be4 39. Rd1 Rxe2+ 40. Kh3 Bxf3 41. Rd6 Bg4+ 42. Kh4 Rh2# 0-1

[Event "*** Titled Tuesday Blitz"]
[Site "Chess.com"]
[Date "2018.12.04"]
[Round "5"]
[White "DeviatkinAndrey"]
[Black "Robert_Chessmood"]
[Result "0-1"]
[WhiteElo "2669"]
[BlackElo "2948"]
[TimeControl "180+2"]
[EndTime "14:07:04 PST"]
[Termination "Robert_Chessmood won by resignation"]

1. c3 e5 2. d4 exd4 3. cxd4 d5 4. Nf3 Nf6 5. Bg5 h6 6. Bh4 g5 7. Bg3 Ne4 8. Nfd2 Nxg3 9. hxg3 Bg7 10. e3 c5 11. Nc3 cxd4 12. exd4 Nc6 13. Nb3 O-O 14. Be2 Be6 15. O-O Qb6 16. Bg4 Nxd4 17. Nxd4 Qxd4 18. Bxe6 fxe6 19. Qe2 Qe5 20. Qd3 Qf5 21. Qe2 Rac8 22. Rae1 Bxc3 23. bxc3 Rxc3 24. Qxe6+ Qxe6 25. Rxe6 Rc6 26. Re5 Rd6 27. f4 d4 28. fxg5 d3 29. Rd1 h5 30. g6 d2 31. Rxh5 Re8 32. Rh1 b5 33. g4 Re1+ 34. Kh2 Rxd1 35. Rxd1 b4 36.
Kg3 a5 37. Kf4 a4 38. Ke3 a3 39. Ke2 Kg7 40. Rb1 d1=Q+ 0-1

[Event "*** Titled Tuesday Blitz"]
[Site "Chess.com"]
[Date "2018.12.04"]
[Round "5"]
[White "LawrenceTrent"]
[Black "Fins0905"]
[Result "1/2-1/2"]
[WhiteElo "2478"]
[BlackElo "2644"]
[TimeControl "180+2"]
[EndTime "14:07:05 PST"]
[Termination "Game drawn by repetition"]

1. c4 c6 2. e4 d5 3. exd5 cxd5 4. cxd5 Nf6 5. Nc3 Nxd5 6. Nf3 Nc6 7. Bb5 Nxc3 8.
bxc3 g6 9. O-O Bg7 10. Re1 O-O 11. Ba3 Re8 12. Bxc6 bxc6 13. Qa4 Qc7 14. d4 Bf5 15. Ne5 Rac8 16. Bc5 a5 17. h3 Qb7 18. Qxa5 Bh6 19. Qb4 Qc7 20. a4 Rb8 21. Qa3 Be6 22. a5 Rb3 23.
Qa4 Bd2 24. Re2 Bxc3 25. Rc1 Qxa5 26. Qxa5 Bxa5 27. Nxc6 Bb6 28. Bxb6 Rxb6 29. d5 Bd7 30. Nxe7+ Kg7 31. Rce1 Rd6 32. g4 Kf6 33. f4 Ra8 34. g5+ Kg7 35. Re5 f6 36. gxf6+ Kxf6 37. Kg2 Ra2+ 38.
R1e2 Ra3 39. R2e3 Ra4 40. Kg3 h5 41. Ng8+ Kg7 42. Ne7 Kf6 43. Ng8+ Kg7 44. Ne7 Kf6 1/2-1/2

[Event "*** Titled Tuesday Blitz"]
[Site "Chess.com"]
[Date "2018.12.04"]
[Round "5"]
[White "Kawhi_Leonard2"]
[Black "pedromartinez91"]
[Result "0-1"]
[WhiteElo "2287"]
[BlackElo "2406"]
[TimeControl "180+2"]
[EndTime "14:07:07 PST"]
[Termination "pedromartinez91 won by resignation"]

1. e4 c5 2. Nf3 Nc6 3. d4 cxd4 4.
Nxd4 d5 5. Bb5 dxe4 6. Nxc6 Qxd1+ 7. Kxd1 a6 8. Ba4 Bd7 9. Nc3 Bxc6 10. Bxc6+ bxc6 11. Nxe4 f5 12. Ng5 Nf6 13. Ne6 Kf7 14. Nxf8 Rhxf8 15. Ke2 e5 16. b3 Rfd8 17. Bb2 Ke6 18. Rad1 g5 19. h4 g4 20. g3 h5 21. c4 a5 22. Bc3 Ne4 23. Rxd8 Nxc3+ 24. Kd3 Rxd8+ 25. Kxc3 f4 26. a3 Kf5 27. b4 axb4+ 28. axb4 e4 29. gxf4 Kxf4 30. Re1 Kf3 31. b5 cxb5 32. cxb5 Kxf2 33.
Rxe4 g3 34. Rf4+ Ke3 35. Rf5 g2 36. Rg5 Rc8+ 37. Kb4 Kf2 38. Rf5+ Ke1 39. Rg5 Kf1 40. Rf5+ Ke2 41. Rg5 Kf3 42. Rf5+ Ke4 43. Rg5 Rc2 44. Kb3 Rc5 45. Rxg2 Rxb5+ 46. Kc4 Rf5 47. Re2+ Kf3 48. Re8 Kg3 49. Kd3 Kxh4 50. Ke2 Kg3 51. Rg8+ Kh3 52.
Rg7 h4 53. Rg8 Kh2 54. Rg7 h3 55. Rg8 Kh1 56. Rg7 Ra5 57. Kf2 Ra2+ 58. Kf1 Ra6 59. Kf2 Rf6+ 60. Ke2 Rf4 61. Ke1 Kh2 62. Ke2 Rf6 63.
Ke1 Rf3 64. Ke2 Rg3 65. Ra7 Kg2 66. Ra2 h2 67. Ke1+ Kh3 0-1

[Event "*** Titled Tuesday Blitz"]
[Site "Chess.com"]
[Date "2018.12.04"]
[Round "5"]
[White "LonesomeGeorge1"]
[Black "chess4life23"]
[Result "1-0"]
[WhiteElo "2416"]
[BlackElo "2386"]
[TimeControl "180+2"]
[EndTime "14:07:16 PST"]
[Termination "LonesomeGeorge1 won by resignation"]

1. c4 e5 2. g3 Nc6 3. Bg2 d6 4. Nc3 Be6 5. d3 Qc8 6. e3 Nge7 7.
Nd5 Ng6 8. Ne2 Nd8 9. O-O c6 10. Ndc3 Bh3 11. f4 Be7 12. Ne4 h5 13. Rf2 h4 14.
Bxh3 Qxh3 15. Qf1 hxg3 16. N4xg3 Qg4 17. fxe5 Nxe5 18. Nf4 Bh4 19. Qg2 g5 20. Nfe2 Nxd3 21. Rf6 Ne6 22. Bd2 Kd8 23. Rxf7 Kc8 24. Raf1 Ne5 25. R7f6 Re8 26. Bc3 Nxc4 27. h3 Nxe3 28. hxg4 Nxg2 29. Kxg2 Bxg3 30. Kxg3 Nc5 31. Rf8 Kc7 32.
Ba5+ b6 33. R1f7+ Nd7 34. Rxe8 Rxe8 35. Bd2 Rxe2 36. Bxg5 Rxb2 37. Bf4 Rxa2 38. g5 Ra1 39. Kg2 Ra2+ 40. Kh3 Ra3+ 41. Kh2 Ra2+ 42. Kh3 Ra1 43. g6 Ra3+ 44. Kh4 c5 45. g7 Ra4 46. g8=Q Kc6 47. Qc8+ Kd5 48. Qxd7 1-0

[Event "*** Titled Tuesday Blitz"]
[Site "Chess.com"]
[Date "2018.12.04"]
[Round "5"]
[White "eCztery"]
[Black "MerdeNoms943"]
[Result "0-1"]
[WhiteElo "2279"]
[BlackElo "2324"]
[TimeControl "180+2"]
[EndTime "14:07:20 PST"]
[Termination "MerdeNoms943 won by resignation"]

1. e4 c5 2. Nf3 d6 3. d4 cxd4 4. Qxd4 Nc6 5. Bb5 Bd7 6. Bxc6 Bxc6 7. Nc3 Nf6 8. Bg5 e6 9. O-O-O Be7 10. Kb1 O-O 11.
Rhe1 Qa5 12. Qd2 Qc7 13. Nd4 Rfd8 14. f4 a6 15. h4 d5 16. e5 Ne4 17. Nxe4 dxe4 18.
Bxe7 Qxe7 19. g4 Qxh4 20. Rh1 Qxh1 21. Rxh1 e3 22. Qxe3 Bxh1 23. c3 Rac8 24. f5 Bd5 25. f6 Kh8 26. b3 gxf6 27. exf6 b5 28. g5 Rg8 29. Qe5 Rg6 30. Ne2 Rcg8 31. Qc7 e5 32. Qxe5 Rxg5 33. Qd4 Bf3 34. Nf4 Rg4 35. Qe3 Bc6 36.
Nh5 Re8 37. Qc5 Rg2 38. Qe7 Rxe7 39. fxe7 Re2 40. c4 Rxe7 41. Nf6 Re6 42. Ng4 Bf3 43. Nh2 Re1+ 44. Kc2 Re2+ 45. Kd3 Rxh2 46. c5 Rxa2 47. Ke3 Bc6 48. b4 Rb2 49. Kd4 Rxb4+ 50. Ke5 Re4+ 51. Kd6 Re6+ 52. Kc7 b4 53. Kb6 b3 54. Kc7 b2 55.
Kc8 b1=Q 56. Kc7 Qb7+ 0-1

[Event "*** Titled Tuesday Blitz"]
[Site "Chess.com"]
[Date "2018.12.04"]
[Round "5"]
[White "Squirlolz"]
[Black "Rashad_Zeynalli"]
[Result "1/2-1/2"]
[WhiteElo "2462"]
[BlackElo "2348"]
[TimeControl "180+2"]
[EndTime "14:07:26 PST"]
[Termination "Game drawn by agreement"]

1. g3 Nf6 2. Bg2 g6 3. Nf3 Bg7 4. c4 O-O 5. Nc3 d6 6. d4 Nc6 7. O-O a6 8. Bd2 e5 9. dxe5 dxe5 10. Bg5 Be6 11. Qxd8 Raxd8 12. Nd5 Bxd5 13. cxd5 Rxd5 14. Nd2 e4 15. Bxf6 Rxd2 16. Bxg7 Kxg7 17. Bxe4 Re8 18. Bxc6 bxc6 19. e3 Rxb2 20. Rfb1 Reb8 21. Rxb2 Rxb2 22. Rc1 Rb6 23. Kg2 Kf6 24. Kf3 Ke6 25. Ke4 Rb4+ 26.
Kd3 Kd5 27. Rd1 Rc4 28. f3 f5 29. h3 a5 30. g4 a4 31. gxf5 gxf5 32. Rg1 Rh4 33.
Rg5 Ke6 34. Rg7 Rxh3 35. f4 Rh2 36. Rxc7 Kd6 37. Rf7 Rxa2 38. Rxf5 c5 39. Ke4 a3 40. Rf6+ Kc7 41. Ra6 Kb7 42. Ra4 Kb6 43. Kd5 Kb5 44. Ra8 Rd2+ 45. Ke6 a2 46. e4 c4 47. f5 c3 48. f6 c2 49. f7 Rf2 50. Rxa2 c1=Q 51. Rxf2 Qc4+ 52. Kd7 Qd4+ 53. Ke7 Qxe4+ 54. Kf8 Qb4+ 55.
Kg7 Qd4+ 56. Kxh7 Qxf2 57. Kg8 Qg3+ 58. Kh7 1/2-1/2

[Event "*** Titled Tuesday Blitz"]
[Site "Chess.com"]
[Date "2018.12.04"]
[Round "5"]
[White "baki83"]
[Black "MaestroASK"]
[Result "1/2-1/2"]
[WhiteElo "2529"]
[BlackElo "2543"]
[TimeControl "180+2"]
[EndTime "14:07:32 PST"]
[Termination "Game drawn by repetition"]

1. e4 d6 2. d4 g6 3. Nc3 c6 4. h4 h5 5. Be2 e5 6. Nf3 f6 7. Bc4 Qe7 8. a4 Bh6 9. Bxg8 Bxc1 10. Qxc1 Rxg8 11. Qe3 Kf8 12. O-O-O Kg7 13. Rd2 Nd7 14. Rhd1 Nb6 15. b3 Bg4 16. Kb2 Rgd8 17. Rg1 Kh7 18. Nh2 Be6 19. g4 hxg4 20. Nxg4 Bxg4 21. Rxg4 Rg8 22.
f4 exd4 23. Qxd4 Rad8 24. Rdg2 Nc8 25. Qd3 Qf7 26. Qd4 b6 27. Nd1 d5 28. e5 fxe5 29. fxe5 Rdf8 30. Ne3 Qe6 31. Rg5 Ne7 32. h5 Nf5 33. hxg6+ Kg7 34. Nxf5+ Rxf5 35. Rxf5 Qxf5 36. Rf2 Qe4 37. Qxe4 dxe4 38. Kc3 Rd8 39. Rf6 e3 40. Rf3 Kxg6 41. Rxe3 Kf7 42. e6+ Ke7 43. Kc4 a5 44.
c3 Rd1 45. b4 axb4 46. cxb4 Ra1 47. Kb3 Rb1+ 48. Kc3 Ra1 49. Kb3 Rb1+ 50. Kc3 Ra1 51. Kb3 1/2-1/2

[Event "*** Titled Tuesday Blitz"]
[Site "Chess.com"]
[Date "2018.12.04"]
[Round "5"]
[White "ChainsOfFantasia"]
[Black "ChessQueen"]
[Result "1-0"]
[WhiteElo "2392"]
[BlackElo "2547"]
[TimeControl "180+2"]
[EndTime "14:07:42 PST"]
[Termination "ChainsOfFantasia won by resignation"]

1. d4 Nf6 2. c4 e6 3. Nf3 c5 4. d5 b5 5. dxe6 fxe6 6. cxb5 a6 7. bxa6 Be7 8. g3 O-O 9. Nc3 d5 10. Bh3 Rxa6 11. O-O d4 12. Nb1 Bb7 13. Nbd2 Bd5 14. Qc2 Nc6 15. Ng5 Nb4 16. Qb1 h6 17. Nge4 Bxa2 18.
Rxa2 Nxa2 19. Nxf6+ Rxf6 20. Ne4 Rf7 21. Qd3 Nb4 22. Qc4 Qd5 23. Nd2 Rf6 24. Qb5 Qc6 25.
Qb8+ Rf8 26. Qe5 Bf6 27. Qh5 c4 28. Bg2 Nd5 29. Be4 Qe8 30. Bg6 Qb5 31. Ne4 Nc7 32.
Qh3 Ra7 33. Bf4 Qd5 34. Rd1 e5 35. Bxh6 gxh6 36. Qxh6 Ne6 37. Bf5 Rg7 38. Ra1 d3 39. Nxf6+ Rxf6 40. Qxf6 Nf8 41. exd3 cxd3 42. Rd1 d2 43.
Qh6 Qf3 44. Bc2 Rd7 45. Rxd2 Rxd2 46. Qxd2 Kg7 47. Qg5+ Kf7 48. Qxe5 Qc6 49. Bb3+ Kg6 50. Qc3 Qd6 51. Bc2+ Kf7 52. h4 Ne6 53. Bb3 Ke7 54.
Qe3 1-0

[Event "*** Titled Tuesday Blitz"]
[Site "Chess.com"]
[Date "2018.12.04"]
[Round "5"]
[White "Marcus_Harvey"]
[Black "SanchezKelvin"]
[Result "1-0"]
[WhiteElo "2678"]
[BlackElo "2484"]
[TimeControl "180+2"]
[EndTime "14:07:46 PST"]
[Termination "Marcus_Harvey won by resignation"]

1. d4 Nf6 2. Nf3 g6 3. Bf4 Bg7 4. e3 d5 5. c4 O-O 6. Nc3 c6 7. h3 Qb6 8. Qb3 Nbd7 9. c5 Qxb3 10.
axb3 Ne4 11. b4 Nxc3 12. bxc3 f5 13. g3 h6 14. h4 Re8 15. Ne5 Nf8 16. Nd3 a6 17.
Be5 Bf6 18. Nf4 Kf7 19. b5 g5 20. hxg5 hxg5 21. Bxf6 exf6 22. Ng2 cxb5 23. Bxb5 Bd7 24. Bxd7 Nxd7 25. Rh7+ Ke6 26. Rb1 Rab8 27. Kd2 Re7 28. Rxe7+ Kxe7 29. Ne1 b6 30. Nd3 bxc5 31. Rxb8 Nxb8 32.
Nxc5 Kd6 33. Kc2 Kc6 34. Kb3 Kb5 35. Ne6 a5 36. Nc7+ Kc6 37. Ne8 Nd7 38. Ka4 Kb6 39. Ng7 f4 40. exf4 gxf4 41. gxf4 Ka6 42. Ne8 Nb6+ 43.
Kb3 f5 44. Nd6 Nd7 45. Nxf5 Kb5 46. Nd6+ Kc6 47. Nf5 Kb5 48. Ne3 Nb6 49. f5 Kc6 50. c4 dxc4+ 51. Nxc4 a4+ 52. Kb4 Nd5+ 53. Kxa4 Nc3+ 54.
Kb3 Ne4 55. f3 Nf6 56. Ne3 Kd6 57. Kc4 Nd7 58. Kd3 Nf6 59. Ng4 Nh5 60. Ke4 Ng3+ 61. Kf4 Ne2+ 62. Ke3 Ng3 63. f6 Ke6 64. d5+ Kf7 65.
Kf4 Ne2+ 66. Ke5 Ng3 67. Nh6+ Kg6 1-0

[Event "*** Titled Tuesday Blitz"]
[Site "Chess.com"]
[Date "2018.12.04"]
[Round "5"]
[White "staz_staz"]
[Black "Schachmalanders"]
[Result "1-0"]
[WhiteElo "2357"]
[BlackElo "2293"]
[TimeControl "180+2"]
[EndTime "14:07:49 PST"]
[Termination "staz_staz won by checkmate"]

1. d4 d5 2. c4 e6 3. Nf3 c6 4. e3 f5 5. b3 Nf6 6. g3 Bd6 7.
Bg2 O-O 8. O-O Qe7 9. a4 b6 10. Ba3 Bxa3 11. Nxa3 Bb7 12. Nc2 Nbd7 13. Nce1 e5 14.
dxe5 Nxe5 15. Nxe5 Qxe5 16. Nd3 Qe7 17. cxd5 Nxd5 18. Rc1 c5 19. Qc2 Rad8 20. Rfd1 Rfe8 21.
Qc4 Kh8 22. a5 Ba8 23. axb6 axb6 24. Nf4 Nxe3 25. fxe3 Qxe3+ 26. Kh1 Rxd1+ 27. Rxd1 Qe1+ 28. Qf1 Qb4 29. Bxa8 Rxa8 30. Qf3 Re8 31. Kg2 Qa3 32. Rf1 b5 33. Qc6 Qa8 34. Qxa8 Rxa8 35. Rc1 c4 36.
bxc4 bxc4 37. Rxc4 g6 38. Rc7 Ra6 39. Kf3 Kg8 40.
h4 h6 41. Nd5 g5 42. hxg5 hxg5 43. Ne7+ Kf7 44. Nxf5+ Kf6 45. g4 Ra3+ 46. Ne3 Ke5 47.
Rc5+ Kd4 48. Rd5+ Kc3 49. Rxg5 Kd2 50. Rd5+ Kc3 51. g5 Ra8 52. g6 Rf8+ 53. Rf5 Rg8 54. Rg5 Kd4 55. Kf4 Rf8+ 56. Nf5+ Kd5 57. g7 Rg8 58. Ne7+ Ke6 59. Nxg8 Kf7 60. Nh6+ Kf6 61. g8=Q Ke7 62. Qf7+ Kd6 63. Rg6+ Kc5 64. Qf5+ Kd4 65. Rd6+ Kc4 66. Qd5+ Kc3 67. Rc6+ Kb4 68. Qc4+ Ka3 69.
Ra6+ Kb2 70. Ra2+ Kb1 71. Qc2# 1-0

[Event "*** Titled Tuesday Blitz"]
[Site "Chess.com"]
[Date "2018.12.04"]
[Round "5"]
[White "LuisFSiles"]
[Black "artichaud"]
[Result "0-1"]
[WhiteElo "2220"]
[BlackElo "2140"]
[TimeControl "180+2"]
[EndTime "14:07:53 PST"]
[Termination "artichaud won on time"]

1. e4 e6 2. d4 d5 3. e5 c5 4. c3 Bd7 5. Nf3 Nc6 6. a3 c4 7. Nbd2 Na5 8. h4 Bc6 9. g3 Qd7 10. a4 Ne7 11. Bh3 Nc8 12. O-O Nb6 13. h5 h6 14. Nh4 Bxa4 15. Qe2 Nb3 16. Nxb3 Bxb3 17. f4 Be7 18. f5 Bxh4 19. fxe6 fxe6 20. gxh4 O-O-O 21.
Qg4 Rhe8 22. Qg6 Re7 23. Rxa7 Kb8 24. Ra1 Na4 25. Rf2 b5 26. Be3 Kb7 27. Raf1 b4 28. cxb4 c3 29. bxc3 Nxc3 30. Rf7 Rde8 31. Qxg7 Bc4 32.
R1f3 Be2 33. Rf2 Bxh5 34. Rxe7 Rxe7 35. Qxh6 Be8 36. Bg5 Ne4 37. Bxe7 Nxf2 38. Kxf2 Qxe7 39. Qxe6 Qxh4+ 40. Kg2 Qe4+ 41. Kg3 Qe3+ 42. Kh4 Qf2+ 43. Kg5 Qg3+ 44. Kf6 Qh4+ 45. Kg7 Qg5+ 46. Kf8 Bc6 47. Qc8+ Kb6 48. Qb8+ Bb7 49. Qd6+ Ka7 50. Qc5+ Kb8 51. Qd6+ Ka7 52. Qf6 Qe3 53. Bf5 Qxd4 54. e6 Qxf6+ 0-1

[Event "*** Titled Tuesday Blitz"]
[Site "Chess.com"]
[Date "2018.12.04"]
[Round "5"]
[White "LastGladiator1"]
[Black "David_Paravyan"]
[Result "0-1"]
[WhiteElo "2678"]
[BlackElo "2832"]
[TimeControl "180+2"]
[EndTime "14:07:54 PST"]
[Termination "David_Paravyan won on time"]

1. d4 Nf6 2. c4 e6 3. Nc3 Bb4 4. Nf3 b6 5. Bg5 h6 6. Bh4 g5 7.
Bg3 Ne4 8. Qc2 Bb7 9. Nd2 Nxg3 10. hxg3 Nc6 11. e3 Bf8 12. O-O-O Bg7 13. a3 Ne7 14. d5 O-O 15. e4 Ng6 16. Nf3 Qf6 17. Bd3 Rae8 18. Nb5 a6 19. Nc3 exd5 20. exd5 c5 21.
Rdf1 d6 22. Nd2 Ne5 23. Be2 Ng6 24. Bd3 Bc8 25. f4 gxf4 26. gxf4 Nxf4 27. Bh7+ Kh8 28. g3 Qxc3 29. bxc3 Ne2+ 30. Kb2 Nxc3 31. Kc1 Ne2+ 32. Kb1 Nc3+ 33. Ka1 Nd1+ 34. Ka2 Nc3+ 35. Kb2 Ne2+ 36. Kb1 Nc3+ 37. Kb2 Ne2+ 38. Ka2 Nc3+ 39. Kb3 Bd7 40. Qxc3 Bxc3 41. Kxc3 Kxh7 42. Rf6 Re3+ 43. Kb2 Kg7 44. Rxd6 Bf5 45. Rxb6 Re2 46. Kc1 Rfe8 47. g4 Bxg4 48. Rbxh6 Re1+ 49. Kb2 Rb8+ 0-1

[Event "*** Titled Tuesday Blitz"]
[Site "Chess.com"]
[Date "2018.12.04"]
[Round "5"]
[White "aa175"]
[Black "sandager"]
[Result "1-0"]
[WhiteElo "1928"]
[BlackElo "1956"]
[TimeControl "180+2"]
[EndTime "14:07:56 PST"]
[Termination "aa175 won by resignation"]

1. d4 Nf6 2. Bf4 g6 3. e3 Bg7 4.
Nf3 d5 5. Be2 c5 6. c3 Nc6 7.
Nbd2 b6 8. Ne5 Nxe5 9. Bxe5 O-O 10. h3 Bb7 11. O-O Nd7 12. Bxg7 Kxg7 13. Nf3 Qc7 14.
Bb5 a6 15. Bxd7 Qxd7 16. Ne5 Qe6 17. Nd3 Qd6 18. Qf3 c4 19. Ne5 f6 20. Nxc4 dxc4 21.
Qxb7 Rfc8 22. e4 Kh8 23. Rfe1 e6 24. e5 Qf8 25. exf6 Qxf6 26. Qxb6 Rf8 27. f3 Rab8 28.
Qxa6 Rxb2 29. Qxc4 Qg5 30. Re2 Rfb8 31. Rae1 Rxe2 32.
Qxe2 Rb6 33. Qe5+ Qxe5 34. Rxe5 Kg7 35. a4 Kf6 36. Rc5 Rb1+ 37. Kh2 Ra1 38. a5 Ra2 39. c4 h5 40. Kg3 g5 41. Rb5 h4+ 42. Kh2 Ke7 43.
Rxg5 Kd6 44. Re5 Rc2 45. c5+ Kd7 46. Re4 Ra2 47. Rxh4 Rxa5 48. Rh7+ Kc6 49. Re7 Kd5 50. Rd7+ Kc4 51. Rd6 Ra7 52. Rxe6 Kxd4 53. Re4+ Kd5 54.
h4 Kxc5 55. Kh3 Rg7 56. h5 Kd5 57. g4 Rh7 58. Kh4 Rh8 59. g5 Rf8 60. Kg4 Ra8 61. h6 Ra1 62. h7 Rh1 63. g6 Rg1+ 64. Kf5 Rh1 65. g7 Rxh7 66. g8=Q+ Kd6 67. Qxh7 Kd5 68. Qd7+ 1-0

[Event "*** Titled Tuesday Blitz"]
[Site "Chess.com"]
[Date "2018.12.04"]
[Round "5"]
[White "gmjlh"]
[Black "Hrant_ChessMood"]
[Result "1-0"]
[WhiteElo "2705"]
[BlackElo "2930"]
[TimeControl "180+2"]
[EndTime "14:08:02 PST"]
[Termination "gmjlh won on time"]

1. d4 Nf6 2. c4 g6 3. Nf3 Bg7 4. g3 b6 5. Bg2 Bb7 6. O-O O-O 7. b3 a5 8. Bb2 Na6 9. Nc3 Ne4 10. Nxe4 Bxe4 11.
Ne5 Bxg2 12. Kxg2 d6 13. Nd3 c5 14. d5 Bxb2 15. Nxb2 Nc7 16. a4 e5 17. e4 f5 18.
exf5 Rxf5 19. Qe2 Qf6 20. Nd1 Rf8 21. Nc3 Ne8 22. Ne4 Qe7 23. Rae1 Nf6 24. Nc3 Qf7 25. Nb5 Ne8 26. f3 g5 27. Nc3 Kg7 28. Ne4 Qe7 29. g4 Rf4 30. Ng3 Kh8 31. Qe3 Qf7 32. Nh5 Rd4 33.
Qxg5 Rg8 34. Qh4 Rd3 35. f4 Rd4 36. h3 Rd2+ 37. Kh1 Qg6 38. fxe5 Qc2 39. Qg3 Rd3 40. Re3 Rd1 41. Rf3 Qe2 42. Rxd1 Qxd1+ 43. Kg2 Qe2+ 44. Rf2 Qe4+ 45. Kh2 dxe5 46. Qf3 Qd4 47. Re2 Qa1 48. Rd2 Ng7 49. Nxg7 Kxg7 50. Rf2 Kh8 51. Qf6+ Rg7 52. Qd8+ Rg8 53. Rf8 Qb2+ 54. Kg3 Qc3+ 55. Kh4 Qe1+ 56. Kh5 1-0

[Event "*** Titled Tuesday Blitz"]
[Site "Chess.com"]
[Date "2018.12.04"]
[Round "5"]
[White "Morshynska"]
[Black "DonPreuss"]
[Result "1-0"]
[WhiteElo "2069"]
[BlackElo "2150"]
[TimeControl "180+2"]
[EndTime "14:08:02 PST"]
[Termination "Morshynska won by resignation"]

1. d4 Nc6 2. d5 Ne5 3. e4 Ng6 4. Nf3 e5 5. h4 Bc5 6. h5 Nf8 7. Bd3 d6 8. Be3 Bb6 9. Nc3 Bxe3 10. fxe3 Nh6 11. Qd2 Bg4 12. O-O-O Nd7 13. Rdf1 O-O 14. Nh4 Qg5 15. Nf5 Nf6 16. Kb1 Nxh5 17. Nxh6+ Qxh6 18. Be2 Bxe2 19. Nxe2 Qg6 20. g4 Nf6 21. Rxf6 Qxf6 22. Ng3 Qf3 23. Qh2 h6 24. g5 Qxe3 25. gxh6 Qxh6 26.
Qg2 Qg6 27. Nf5 Rae8 28. Qh3 f6 29. a3 Kf7 30. Qf1 Rg8 31. Rg1 Qh5 32. Qb5 Rd8 33. Qxb7 g5 34. Qxc7+ Kg6 35. Ne7+ Kh6 36. Nf5+ Kg6 37.
Ne7+ Kh7 38. Nxg8+ Kxg8 39. Qxd8+ Kg7 40. Qe7+ Kg6 41.
Qxd6 Qh2 42. Rc1 g4 43. Qe6 g3 44. Qf5+ Kf7 45. Rf1 Qh4 46. d6 g2 47. Rg1 Qh1 48.
Qf2 Qh7 49. Qxg2 Ke6 50. Qd2 Kd7 51. c4 Qf7 52. Rd1 Kc6 53. Qd5+ Qxd5 54. Rxd5 Kd7 55.
c5 1-0